[Event "Titled Tuesday Blitz February 14 Early 2023"]
[White "Avinash, Ramesh"]
[Black "Chigaev, Maksim"]
[WhiteFideId "45018340"]
[BlackFideId "4108116"]
[WhiteElo "2319"]
[BlackElo "2628"]
[Result "0-1"]
[Round "07"]
[TimeControl "180+2"]
[Date "2023.02.15"]
[WhiteClock "0:01:30"]
[BlackClock "0:00:25"]

1. e4 c5 2. Nc3 e6 3. f4 Nc6 4. Nf3 a6 5. d4 cxd4 6. Nxd4 Qc7 7. Be3 Nxd4 8. Qxd4 b5 9. a3 Bb7 10. Qb6 Rc8 11. O-O-O Qxb6 12. Bxb6 Nf6 13. e5 Ne4 14. Nxe4 Bxe4 15. c3 Bc5 16. Bxc5 Rxc5 17. Rd2 Ke7 18. Bd3 Bd5 19. Rhd1 f6 20. Be4 fxe5 21. fxe5 Rf8 22. Bxd5 Rxd5 23. Rxd5 exd5 24. Rxd5 Rf1+ 25. Kc2 Rf2+ 26. Rd2 Rxd2+ 27. Kxd2 Ke6 28. c4 bxc4 29. Kc3 Kd5 30. Kb4 h5 31. h4 g6 32. g3 Kxe5 33. Kxc4 Ke4 34. Kc3 d5 35. Kd2 Kd4 36. b3 a5 37. Kc2 Ke3 38. Kd1 Kd3 39. b4 axb4 40. axb4 Kc4 41. Kd2 Kxb4 42. Kd3 Kc5 43. Kc3 d4+ 44. Kd3 Kd5 45. Kd2 Ke4 46. Ke2 d3+ 47. Kd2 Kf3 48. Kxd3 Kxg3 49. Ke3 Kxh4 50. Kf2 g5 51. Kg1 Kg4 52. Kh2 h4 53. Kg2 Kh5 54. Kh2 g4 55. Kg2 Kg5 56. Kf2 Kf4 57. Ke2 h3 58. Kf2 g3+ 59. Kg1 Kf3 60. Kh1 g2+ 61. Kh2 Kf2 62. Kxh3 g1=Q 63. Kh4 Qg6 0-1


[Site "https://www.chess.com"]

[Event "Titled Tuesday Blitz February 14 Early 2023"]
[White "Orozbaev, Eldiar"]
[Black "Zhigalko, Sergei"]
[WhiteFideId "13802240"]
[BlackFideId "13502956"]
[WhiteElo "2235"]
[BlackElo "2572"]
[Result "0-1"]
[Round "07"]
[TimeControl "180+2"]
[Date "2023.02.15"]
[WhiteClock "0:00:03"]
[BlackClock "0:00:03"]

1. e4 c5 2. c3 Nf6 3. e5 Nd5 4. d4 cxd4 5. cxd4 Nc6 6. Nf3 d6 7. Nc3 e6 8. Bd3 dxe5 9. Nxe5 Nxe5 10. dxe5 Nxc3 11. bxc3 Qa5 12. O-O Qxe5 13. Qb3 Bd6 14. Bb5+ Ke7 15. g3 a6 16. Bd3 Rd8 17. Bf4 Qc5 18. Be3 Qc6 19. Rad1 b5 20. Rfe1 Bb7 21. Be4 Qxe4 22. Bg5+ f6 23. Rxe4 Bxe4 24. Re1 Bf5 25. Qd5 Kf7 26. Qb7+ Be7 27. Bf4 Re8 28. Rd1 Rad8 29. Rd6 e5 30. Rxd8 Rxd8 31. Be3 Be6 32. f3 Rd3 33. Bc5 Rd1+ 34. Kf2 Rd7 35. Qc6 Bxc5+ 36. Qxc5 Bxa2 37. Qc6 Be6 38. Qxa6 Bc4 39. Qc6 Rd2+ 40. Kg1 Rd1+ 41. Kf2 Rd2+ 42. Kg1 Rd1+ 43. Kg2 Rd2+ 44. Kh3 h6 45. Qc7+ Kf8 46. Qc8+ Kf7 47. Qc7+ Kg6 48. g4 Bf1+ 49. Kg3 Rg2+ 50. Kh4 Rxh2+ 51. Kg3 Rg2+ 52. Kh4 Bc4 53. Qd7 Rh2+ 54. Kg3 Re2 55. Qf5+ Kf7 56. Qd7+ Kg8 57. Qc8+ Kh7 58. Qf5+ Kh8 59. Qc8+ Bg8 60. Qe8 Re3 61. Qc6 e4 62. Kf4 Rxf3+ 63. Kxe4 Rg3 64. Kf4 Rd3 65. Ke4 Rd5 66. Kf4 Rg5 67. Qc8 Kh7 68. Qd7 Bc4 69. Qe8 Bd5 70. Qd7 Bg8 71. Qe8 Rd5 72. Qe4+ Kh8 73. Qe8 Rc5 74. Qe3 Re5 75. Qb6 Be6 76. Qd8+ Kh7 77. Qb6 Bd5 78. Qxb5 Be6 79. Qf1 Kh8 80. Qd3 Rg5 81. Qd8+ Kh7 82. Qd3+ Kh8 83. Qd8+ Bg8 84. c4 Rc5 85. Kg3 Rxc4 86. Kh4 Rc5 87. Qf8 Rg5 88. Qe8 Kh7 89. Qe4+ Kh8 90. Qe8 Re5 91. Qd8 Kh7 92. Qd3+ Kh8 93. Qd8 Rd5 94. Qe8 Rc5 95. Qf8 Rc4 96. Qe8 f5 97. Kh5 fxg4 98. Qf8 Rd4 99. Kg6 Rd7 100. Qe8 Rf7 101. Qd8 g3 102. Kh5 Rf5+ 103. Kg6 Rg5+ 104. Qxg5 hxg5 105. Kh5 g2 106. Kg6 g1=Q 0-1


[Site "https://www.chess.com"]

[Event "Titled Tuesday Blitz February 14 Early 2023"]
[White "Dardha, Daniel"]
[Black "Tanenbaum, Zachary"]
[WhiteFideId "240990"]
[BlackFideId "2060850"]
[WhiteElo "2631"]
[BlackElo "2261"]
[Result "1-0"]
[Round "07"]
[TimeControl "180+2"]
[Date "2023.02.15"]
[WhiteClock "0:00:04"]
[BlackClock "0:00:02"]

1. d4 d5 2. c4 dxc4 3. e4 b5 4. a4 c6 5. b3 e5 6. axb5 cxb5 7. d5 Nf6 8. bxc4 b4 9. Bd3 Nbd7 10. Nf3 Bd6 11. O-O Nc5 12. Bg5 h6 13. Bh4 O-O 14. Bc2 Qe7 15. Nbd2 a5 16. Ne1 Bd7 17. Nd3 Rfb8 18. Nxc5 Bxc5 19. Kh1 Bd4 20. Ra2 Qd6 21. f3 Ne8 22. Nb3 Bb6 23. Nc1 Nc7 24. f4 exf4 25. Nd3 f6 26. Rxf4 g5 27. Qh5 gxh4 28. Qg6+ Kf8 29. Rxf6+ Qxf6 30. Qxf6+ Kg8 31. Qg6+ Kh8 32. Qxh6+ Kg8 33. Qg6+ Kh8 34. e5 Rf8 35. Nf4 Bf5 36. Bxf5 Rxf5 37. Qh6+ Kg8 38. Qg6+ Kh8 39. Qxf5 Rg8 40. Qh5+ 1-0


[Site "https://www.chess.com"]

[Event "Titled Tuesday Blitz February 14 Early 2023"]
[White "Vasquez Schroeder, Rodrigo"]
[Black "Le, Tuan Minh"]
[WhiteFideId "3400042"]
[BlackFideId "12401153"]
[WhiteElo "2524"]
[BlackElo "2542"]
[Result "0-1"]
[Round "07"]
[TimeControl "180+2"]
[Date "2023.02.15"]
[WhiteClock "0:00:52"]
[BlackClock "0:00:34"]

1. d4 d5 2. Nf3 Nf6 3. c4 c6 4. e3 Bf5 5. Nc3 e6 6. Nh4 Be4 7. Qb3 Qc7 8. f3 Bg6 9. Bd2 Be7 10. g3 O-O 11. Nxg6 hxg6 12. Rc1 Qd7 13. Bg2 dxc4 14. Qxc4 Na6 15. Rd1 Rfd8 16. O-O Rac8 17. Bc1 Qc7 18. e4 e5 19. dxe5 Qxe5 20. Kh1 Qc5 21. Qe2 Qh5 22. a3 Nc5 23. Be3 Ne6 24. h3 g5 25. Kg1 a5 26. Qf2 b5 27. Bb6 Rxd1 28. Rxd1 b4 29. axb4 axb4 30. Ne2 c5 31. e5 Ne8 32. Rd7 Bf8 33. f4 gxf4 34. gxf4 Qf5 35. Qe3 Nxf4 36. Rd2 Nxg2 37. Kxg2 Qg6+ 0-1


[Site "https://www.chess.com"]

[Event "Titled Tuesday Blitz February 14 Early 2023"]
[White "Murzin, Volodar"]
[Black "Bluebaum, Matthias"]
[WhiteFideId "44155573"]
[BlackFideId "24651516"]
[WhiteElo "2604"]
[BlackElo "2669"]
[Result "1-0"]
[Round "07"]
[TimeControl "180+2"]
[Date "2023.02.15"]
[WhiteClock "0:00:32"]
[BlackClock "0:00:47"]

1. e4 e6 2. d3 d5 3. Qe2 Nc6 4. Nf3 e5 5. exd5 Qxd5 6. Nc3 Qa5 7. d4 Bb4 8. Bd2 Bg4 9. d5 Bxc3 10. dxc6 Bxd2+ 11. Qxd2 Qxd2+ 12. Nxd2 bxc6 13. f3 Be6 14. O-O-O Ne7 15. Bc4 Nd5 16. Rhe1 f6 17. Ne4 O-O 18. Rd2 Rfd8 19. Red1 Re8 20. Nc5 Bf7 21. Ba6 Rab8 22. Bb7 Ne3 23. Re1 Nc4 24. Rd7 Na5 25. Rxc7 Nxb7 26. Nxb7 Kf8 27. Rd1 Bd5 28. c4 Bxc4 29. Nd6 Be2 30. Nxe8 Bxd1 31. Nxg7 Be2 32. Nh5 f5 33. Nf6 f4 34. Nd7+ Ke7 35. Nxb8+ Kd6 36. Rxc6+ Kd5 37. Rc2 Bf1 38. Rd2+ Ke6 39. Nc6 a6 40. Kd1 Bb5 41. Nb4 Bf1 42. Ke1 Bb5 43. Kf2 Bc4 44. b3 Bb5 45. a4 Be8 46. Nxa6 Kf6 47. Nc5 h5 48. Ne4+ Ke7 49. a5 Bb5 50. Rd5 Ba6 51. Rxe5+ Kf8 52. Rxh5 Kg7 53. Rf5 Bc8 54. Rxf4 Kg6 55. Ke3 Bb7 56. Kd4 Ba8 57. Kc5 Kh5 58. b4 Bb7 59. b5 Bc8 60. a6 Kh6 61. Nd6 Be6 62. a7 Kg7 63. a8=Q Kg6 64. b6 Kg5 65. Qf8 Bf7 66. Rf5+ Kh4 67. Qh6+ Bh5 68. Qxh5# 1-0


[Site "https://www.chess.com"]

[Event "Titled Tuesday Blitz February 14 Early 2023"]
[White "Boruchovsky, Avital"]
[Black "Pranav, V"]
[WhiteFideId "2800055"]
[BlackFideId "25060783"]
[WhiteElo "2539"]
[BlackElo "2597"]
[Result "0-1"]
[Round "07"]
[TimeControl "180+2"]
[Date "2023.02.15"]
[WhiteClock "0:00:04"]
[BlackClock "0:00:06"]

1. c4 e5 2. Nc3 Nc6 3. g3 g6 4. Bg2 Bg7 5. e3 d6 6. Nge2 Nge7 7. d4 O-O 8. O-O exd4 9. Nxd4 Nxd4 10. exd4 Nf5 11. Ne2 h5 12. h3 Re8 13. Re1 c6 14. Bf4 Bd7 15. Qd2 Qb6 16. Rad1 Rad8 17. Bg5 Rc8 18. c5 Qa6 19. g4 hxg4 20. hxg4 Nh6 21. Bxh6 Bxh6 22. Qxh6 Rxe2 23. Bf1 Rxe1 24. Rxe1 Qxa2 25. cxd6 Qd5 26. Qf4 c5 27. dxc5 Bc6 28. f3 Qxc5+ 29. Kg2 Rd8 30. Bc4 Rf8 31. Re7 Bd5 32. Bxd5 Qxd5 33. d7 Kg7 34. g5 Kg8 35. Qf6 Qd2+ 36. Kg3 Qd1 37. Rxf7 Qg1+ 38. Kf4 Qc1+ 39. Ke4 Qc4+ 40. Ke5 Qc5+ 41. Ke4 Qc4+ 42. Ke5 Qe2+ 43. Kd6 Qd2+ 44. Kc7 Rxf7 45. Qxf7+ Kxf7 46. d8=Q Qc2+ 47. Kxb7 Qxb2+ 48. Kxa7 Qa3+ 49. Kb8 Qxf3 50. Qd7+ Kg8 51. Kc8 Qc3+ 52. Kd8 Qa5+ 53. Ke8 Qxg5 54. Qf7+ Kh8 55. Qd7 Qf6 56. Qh3+ Kg7 57. Qd7+ Kg8 58. Qd5+ Kh7 59. Qd7+ Kh6 60. Qh3+ Kg5 61. Qg3+ Kh5 62. Qh3+ Qh4 63. Qf3+ Qg4 64. Qd5+ Kh6 65. Qd2+ Qg5 66. Qh2+ Qh5 67. Qf4+ g5+ 68. Qf7 Qxf7+ 0-1


[Site "https://www.chess.com"]

[Event "Titled Tuesday Blitz February 14 Early 2023"]
[White "Zemlyanskii, Ivan"]
[Black "Korobov, Anton"]
[WhiteFideId "24249971"]
[BlackFideId "14105730"]
[WhiteElo "2300"]
[BlackElo "2664"]
[Result "0-1"]
[Round "07"]
[TimeControl "180+2"]
[Date "2023.02.15"]
[WhiteClock "0:00:19"]
[BlackClock "0:00:43"]

1. d4 Nf6 2. c4 e6 3. Bf4 c5 4. d5 Qb6 5. Nc3 exd5 6. cxd5 Qxb2 7. Rc1 c4 8. Rc2 Qb4 9. Nf3 Bc5 10. e3 Ne4 11. Be5 O-O 12. a3 Qa5 13. Bxc4 d6 14. Bd4 Bf5 15. O-O Nd7 16. Nh4 Nxc3 17. Rxc3 Bg6 18. f4 Rfe8 19. f5 Bh5 20. Qd2 Nf6 21. h3 Ne4 22. Qb2 Bxd4 23. exd4 Qxc3 24. Qxc3 Nxc3 25. g4 Rac8 26. Bb3 Re3 27. gxh5 Ne2+ 28. Kf2 Rxb3 29. Kxe2 Rc2+ 30. Kd1 Ra2 31. Kc1 Ra1+ 32. Kc2 Rxf1 33. Kxb3 Rf4 34. Ng2 Rxd4 35. Ne3 Rd3+ 0-1


[Site "https://www.chess.com"]

[Event "Titled Tuesday Blitz February 14 Early 2023"]
[White "Sjugirov, Sanan"]
[Black "Ozen, Bahadir"]
[WhiteFideId "4189302"]
[BlackFideId "6337058"]
[WhiteElo "2712"]
[BlackElo "2369"]
[Result "1-0"]
[Round "07"]
[TimeControl "180+2"]
[Date "2023.02.15"]
[WhiteClock "0:01:42"]
[BlackClock "0:00:55"]

1. d4 d5 2. c4 c6 3. Nf3 Nf6 4. Nc3 e6 5. Bg5 dxc4 6. e4 b5 7. e5 h6 8. Bh4 g5 9. Nxg5 hxg5 10. Bxg5 Nbd7 11. g3 Bb7 12. Bg2 Qb6 13. exf6 O-O-O 14. O-O c5 15. d5 b4 16. Na4 Qb5 17. a3 Nb8 18. axb4 cxb4 19. Be3 Bxd5 20. Bxd5 Rxd5 21. Qe2 Nc6 22. Rfc1 c3 23. Qxb5 Rxb5 24. bxc3 b3 25. c4 Rb8 26. Rcb1 Rh5 27. Nc3 Bc5 28. Bxc5 Rxc5 29. Nb5 a6 30. Rxa6 Kb7 31. Ra4 Rxb5 1-0


[Site "https://www.chess.com"]

[Event "Titled Tuesday Blitz February 14 Early 2023"]
[White "Ioannidis, Evgenios"]
[Black "Bharath Subramaniyam H"]
[WhiteFideId "4229274"]
[BlackFideId "46634827"]
[WhiteElo "2467"]
[BlackElo "2517"]
[Result "0-1"]
[Round "07"]
[TimeControl "180+2"]
[Date "2023.02.15"]
[WhiteClock "0:00:07"]
[BlackClock "0:00:16"]

1. d4 Nf6 2. c4 e6 3. Nc3 c5 4. d5 exd5 5. cxd5 d6 6. e4 g6 7. f4 Bg7 8. Bb5+ Nfd7 9. Be2 O-O 10. Nf3 Na6 11. O-O Nc7 12. a4 Re8 13. Bd2 a6 14. Be1 Qe7 15. e5 Qf8 16. Bh4 dxe5 17. d6 Ne6 18. Be7 Rxe7 19. dxe7 Qxe7 20. Nd5 Qf8 21. fxe5 Nxe5 22. Kh1 Nxf3 23. Bxf3 Nd4 24. Nb6 Rb8 25. Nxc8 Rxc8 26. Bd5 Rc7 27. Qd3 Qd6 28. Qc4 Bf6 29. Rf2 b5 30. axb5 axb5 31. Qf1 Kg7 32. Re1 Nf5 33. Be4 Bd4 34. Rf3 Nh6 35. Qxb5 Ng4 36. g3 Re7 37. Qf1 Qe5 38. Re2 Qg5 39. Bd3 Ne3 40. Qc1 Qd5 41. Rf2 Ng4 42. Rf1 Ne5 43. Be2 Nxf3 44. Bxf3 Qe5 45. Qc4 Bxb2 46. Bd5 Bd4 47. Bxf7 Qe4+ 0-1


[Site "https://www.chess.com"]

[Event "Titled Tuesday Blitz February 14 Early 2023"]
[White "Barp, Alberto"]
[Black "Urazayev, Arystanbek"]
[WhiteFideId "872555"]
[BlackFideId "13709810"]
[WhiteElo "2432"]
[BlackElo "2460"]
[Result "1-0"]
[Round "07"]
[TimeControl "180+2"]
[Date "2023.02.15"]
[WhiteClock "0:00:04"]
[BlackClock "0:00:03"]

1. d4 Nf6 2. c4 e6 3. g3 d5 4. Bg2 Bb4+ 5. Bd2 Be7 6. Nf3 O-O 7. O-O c6 8. Qc2 a5 9. Bf4 a4 10. Nbd2 Nh5 11. Be3 Nf6 12. Rfd1 Nbd7 13. c5 b6 14. cxb6 Qxb6 15. Rac1 Ba6 16. Nb1 Rfc8 17. Ne5 Bb5 18. Nc3 Qb7 19. Nxd7 Nxd7 20. Nxb5 cxb5 21. Qb1 Nb6 22. b3 Ba3 23. Rxc8+ Rxc8 24. Qd3 b4 25. Bd2 Qc6 26. bxa4 Nxa4 27. e4 Nb2 28. exd5 exd5 29. Qf5 Nxd1 30. Bxd5 Qc2 31. Qxf7+ Kh8 32. Be6 Qc7 33. Qh5 Nc3 34. Bf4 Qc6 35. d5 Qe8 36. Qg4 Ra8 37. d6 Ra7 38. d7 Rxd7 39. Bxd7 Qe4 40. Bf5 Ne2+ 41. Kf1 Qd5 42. Kxe2 Bb2 43. Bd3 Qd8 44. Qe6 Bc3 45. Qe4 Qg8 46. h4 h6 47. h5 Bb2 48. g4 Bf6 49. Qf5 Qe8+ 50. Qe4 Qg8 51. Be5 Qxa2+ 52. Kf3 Qg8 53. Bxf6 gxf6 54. Qg6 Qa8+ 55. Be4 Qa7 56. Qxh6+ Kg8 57. Bd5+ Qf7 58. Bxf7+ 1-0


[Site "https://www.chess.com"]

[Event "Titled Tuesday Blitz February 14 Early 2023"]
[White "Kamsky, Gata"]
[Black "Zahid, Sanatan"]
[WhiteFideId "2000024"]
[BlackFideId "10201963"]
[WhiteElo "2665"]
[BlackElo "1930"]
[Result "0-1"]
[Round "07"]
[TimeControl "180+2"]
[Date "2023.02.15"]
[WhiteClock "0:00:12"]
[BlackClock "0:01:55"]

1. e4 e6 2. d4 d5 3. Nc3 Nf6 4. e5 Nfd7 5. f4 c5 6. Nf3 Nc6 7. Be3 Qb6 8. Na4 Qa5+ 9. c3 b6 10. Bd2 c4 11. b4 Nxb4 12. cxb4 Bxb4 13. Bxb4 Qxb4+ 14. Kf2 b5 15. Nc5 Nxc5 16. dxc5 Qxc5+ 17. Qd4 Qxd4+ 18. Nxd4 b4 19. Ke3 Bd7 20. Be2 a5 21. Rhc1 f6 22. Bg4 Ke7 23. Re1 fxe5 24. fxe5 Rhb8 25. Kd2 a4 26. a3 Rf8 27. g3 b3 28. Rf1 Rab8 29. Rxf8 Rxf8 30. Re1 Rf2+ 31. Re2 Rf1 32. Kc3 Ra1 33. Kb4 Rc1 0-1


[Site "https://www.chess.com"]

[Event "Titled Tuesday Blitz February 14 Early 2023"]
[White "Wagh Suyog"]
[Black "Paichadze, Luka"]
[WhiteFideId "25071688"]
[BlackFideId "13602934"]
[WhiteElo "2313"]
[BlackElo "2515"]
[Result "1-0"]
[Round "07"]
[TimeControl "180+2"]
[Date "2023.02.15"]
[WhiteClock "0:00:01"]
[BlackClock "0:00:01"]

1. d4 Nf6 2. c4 e6 3. Nc3 Bb4 4. f3 d5 5. cxd5 exd5 6. e3 O-O 7. Bd3 c5 8. Ne2 Nc6 9. O-O cxd4 10. Nxd4 h6 11. Nce2 Re8 12. Bd2 Bxd2 13. Qxd2 Qe7 14. Kf2 Ne5 15. Rac1 Bd7 16. Rfe1 Qd6 17. Kg1 Re7 18. b3 Rae8 19. Bb1 Ng6 20. Ng3 Nh4 21. Qf2 Re5 22. Rc3 Qb4 23. Rec1 Qe7 24. Rc7 Qd6 25. Rxb7 g5 26. Rc3 g4 27. f4 R5e7 28. Rxa7 Qb6 29. Rxd7 Rxd7 30. a3 Rc7 31. Rxc7 Qxc7 32. Nf1 Ng6 33. Qd2 Rc8 34. Nf5 Qc3 35. Qe2 Qc1 36. Bd3 h5 37. Nd4 Qxa3 38. f5 Ne5 39. Bb5 Qc1 40. Qf2 Rc3 41. Qf4 Ne4 42. Qxe5 Rxe3 43. Qe8+ Kg7 44. Qe5+ Nf6 45. Qxe3 1-0


[Site "https://www.chess.com"]

[Event "Titled Tuesday Blitz February 14 Early 2023"]
[White "Grigoriants, Sergey"]
[Black "Jaracz, Pawel"]
[WhiteFideId "4130804"]
[BlackFideId "1102222"]
[WhiteElo "2562"]
[BlackElo "2467"]
[Result "1/2-1/2"]
[Round "07"]
[TimeControl "180+2"]
[Date "2023.02.15"]
[WhiteClock "0:00:06"]
[BlackClock "0:00:13"]

1. d4 Nf6 2. c4 e6 3. Nc3 Bb4 4. e3 O-O 5. Bd3 c5 6. Ne2 cxd4 7. exd4 Be7 8. d5 Re8 9. O-O Na6 10. Bf4 Bf8 11. Bg3 e5 12. a3 Nc5 13. Bc2 a5 14. d6 Ra6 15. Nb5 Nce4 16. Bh4 Nxd6 17. Bxf6 gxf6 18. Ng3 f5 19. Nxf5 Nxf5 20. Bxf5 Rh6 21. Qg4+ Kh8 22. Rad1 Rh4 23. Qe2 Bc5 24. Nd6 Bxd6 25. Rxd6 Qc7 26. Rfd1 Qxc4 27. Qe3 Qf4 28. Qxf4 Rxf4 29. Bxd7 Rd8 30. g3 Rd4 31. R6xd4 exd4 32. Bxc8 Rxc8 33. Rxd4 Rc2 34. b4 a4 35. Rd7 Kg7 36. Rxb7 Rc3 37. Ra7 Rxa3 38. b5 Rb3 39. Rxa4 Rxb5 40. Kg2 h5 41. Rd4 Kg6 42. h4 f6 43. Re4 Ra5 44. Kf3 Ra3+ 45. Re3 Ra4 46. Re4 Ra3+ 47. Kg2 Ra2 48. Rc4 Ra3 49. Rc8 Kg7 50. Rc5 Kg6 51. f3 Ra2+ 52. Kh3 Ra3 53. Kg2 Ra2+ 54. Kh3 Ra3 55. Kg2 1/2-1/2


[Site "https://www.chess.com"]

[Event "Titled Tuesday Blitz February 14 Early 2023"]
[White "Parkhov, Yair"]
[Black "Remizov, Yaroslav"]
[WhiteFideId "2813408"]
[BlackFideId "34134015"]
[WhiteElo "2505"]
[BlackElo "2421"]
[Result "1-0"]
[Round "07"]
[TimeControl "180+2"]
[Date "2023.02.15"]
[WhiteClock "0:00:08"]
[BlackClock "0:00:19"]

1. e4 c5 2. Nf3 Nc6 3. Bb5 g5 4. h3 Nf6 5. e5 Nd5 6. Nc3 Nc7 7. Bxc6 dxc6 8. Nxg5 Bf5 9. d3 Rg8 10. Qf3 e6 11. g4 Bg6 12. h4 Be7 13. h5 Bxg5 14. hxg6 Rxg6 15. Rxh7 Qe7 16. Ne4 Bxc1 17. Rxf7 Bg5 18. Nd6+ Kd7 19. Rxe7+ Bxe7 20. O-O-O Rf8 21. Qe4 Rg7 22. Nxb7 Rxf2 23. Qa4 Nb5 24. Qa6 Rxg4 25. Na5 Nd4 26. c3 Rgg2 27. Qb7+ Ke8 28. cxd4 cxd4 29. Qxc6+ Kf7 30. Nc4 a5 31. Qd7 a4 32. Nd6+ Kg6 33. Qxe6+ Bf6 34. Nc4 Re2 35. Qxf6+ Kh5 36. Rh1+ Kg4 37. Rh4+ Kg3 38. Qf4# 1-0


[Site "https://www.chess.com"]

[Event "Titled Tuesday Blitz February 14 Early 2023"]
[White "Sarana, Alexey"]
[Black "Boros, Denes"]
[WhiteFideId "24133795"]
[BlackFideId "722340"]
[WhiteElo "2685"]
[BlackElo "2406"]
[Result "1-0"]
[Round "07"]
[TimeControl "180+2"]
[Date "2023.02.15"]
[WhiteClock "0:00:03"]
[BlackClock "0:00:07"]

1. c4 Nf6 2. Nc3 e6 3. e4 e5 4. Nf3 Nc6 5. a3 g6 6. d4 exd4 7. Nxd4 Bg7 8. Be3 O-O 9. Be2 Re8 10. f3 Nh5 11. O-O Nf4 12. Bxf4 Nxd4 13. Bd3 d6 14. Rc1 Ne6 15. Be3 Qh4 16. Qd2 a5 17. Nd5 Bd7 18. Qf2 Qd8 19. Rfd1 Ba4 20. Rd2 Bc6 21. Be2 a4 22. Rcd1 Qc8 23. h4 Nc5 24. h5 Bxd5 25. cxd5 f5 26. hxg6 fxe4 27. gxh7+ Kh8 28. f4 Nd3 29. Bxd3 exd3 30. Qf3 Qf5 31. Rxd3 Re7 32. g4 Qf7 33. f5 Rae8 34. g5 Re5 35. f6 Bf8 36. Bf4 Re4 37. Rf1 c6 38. Qg4 Qg6 39. f7 R8e7 40. dxc6 bxc6 41. Rxd6 Qxd6 42. g6 Rxf4 43. Rxf4 Re1+ 44. Rf1 Qc5+ 45. Kg2 Qd5+ 46. Rf3 Re2+ 47. Kh3 Qe5 48. Rg3 Qg7 49. Qg5 Re5 50. Qh4 c5 51. Qg4 Qh6+ 52. Kg2 Qd2+ 53. Kh3 Qh6+ 54. Kg2 Re2+ 55. Qxe2 1-0


[Site "https://www.chess.com"]

[Event "Titled Tuesday Blitz February 14 Early 2023"]
[White "Petukhov, Dmitry"]
[Black "Bortnyk, Olexandr"]
[WhiteFideId "4142748"]
[BlackFideId "14120828"]
[WhiteElo "2350"]
[BlackElo "2605"]
[Result "0-1"]
[Round "07"]
[TimeControl "180+2"]
[Date "2023.02.15"]
[WhiteClock "0:00:15"]
[BlackClock "0:00:45"]

1. e4 Nf6 2. e5 Nd5 3. Nf3 d6 4. exd6 exd6 5. d4 Nf6 6. h3 Be7 7. Bd3 O-O 8. O-O c5 9. Re1 Nc6 10. dxc5 dxc5 11. Nc3 h6 12. Bf4 Be6 13. Qe2 a6 14. Rad1 Qa5 15. Bc4 Bxc4 16. Qxc4 b5 17. Qe2 c4 18. Nd5 Nxd5 19. Rxd5 Qxa2 20. c3 b4 21. Qe4 Rfe8 22. Rd7 Rac8 23. Bc7 Bf6 24. Qxc6 Rxe1+ 25. Nxe1 Qb1 26. Qxc4 Qxe1+ 27. Qf1 Qe6 28. Qd3 b3 29. Ba5 Qe1+ 30. Qf1 Re8 31. Rd1 Qe2 32. Qxe2 Rxe2 33. Rb1 Rc2 34. Kf1 Bg5 35. c4 Bf6 36. c5 Rxc5 37. Bc3 Bxc3 38. bxc3 Rxc3 39. Ke2 a5 40. Kd2 Rc2+ 41. Ke3 a4 0-1


[Site "https://www.chess.com"]

[Event "Titled Tuesday Blitz February 14 Early 2023"]
[White "Narayanan.S.L"]
[Black "Boyer, Mahel"]
[WhiteFideId "5058422"]
[BlackFideId "45102422"]
[WhiteElo "2660"]
[BlackElo "2489"]
[Result "1-0"]
[Round "07"]
[TimeControl "180+2"]
[Date "2023.02.15"]
[WhiteClock "0:00:58"]
[BlackClock "0:00:01"]

1. g3 e5 2. Bg2 g6 3. d4 exd4 4. Nf3 Bg7 5. Nxd4 d5 6. O-O Ne7 7. Nb3 O-O 8. Nc3 a5 9. a4 c6 10. e4 dxe4 11. Nxe4 Nd5 12. Bg5 Qc7 13. c3 Bf5 14. Re1 Nd7 15. Nd4 Bxe4 16. Bxe4 N7f6 17. Bf3 Rfe8 18. Qb3 h6 19. Bd2 h5 20. Bg5 Nh7 21. Bd2 Nhf6 22. Rxe8+ Rxe8 23. Re1 Rxe1+ 24. Bxe1 Qe7 25. Kf1 Ng4 26. Bxg4 hxg4 27. Qc2 Qc5 28. Ne2 Nf6 29. Qd3 b5 30. b4 axb4 31. cxb4 Qh5 32. a5 Qxh2 33. a6 Qh1+ 34. Ng1 c5 35. Qd8+ Kh7 36. a7 Ne4 37. a8=Q Bd4 38. Qh4+ Qxh4 39. gxh4 1-0


[Site "https://www.chess.com"]

[Event "Titled Tuesday Blitz February 14 Early 2023"]
[White "Stoleriu, George"]
[Black "Durarbayli, Vasif"]
[WhiteFideId "1227505"]
[BlackFideId "13402935"]
[WhiteElo "2390"]
[BlackElo "2627"]
[Result "1-0"]
[Round "07"]
[TimeControl "180+2"]
[Date "2023.02.15"]
[WhiteClock "0:00:07"]
[BlackClock "0:00:03"]

1. e4 e5 2. Nf3 Nc6 3. Bb5 a6 4. Ba4 Nge7 5. O-O g6 6. d4 exd4 7. Nxd4 Bg7 8. Nxc6 Nxc6 9. Nc3 O-O 10. Bf4 d6 11. Qd2 Na5 12. Bb3 Nxb3 13. axb3 Re8 14. Rfe1 Be6 15. Rad1 Qe7 16. Nd5 Bxd5 17. Qxd5 Rab8 18. c3 Qf8 19. h4 Re6 20. h5 Be5 21. Be3 gxh5 22. f4 c6 23. Qd3 Bg7 24. f5 Ree8 25. Bf4 Be5 26. Qg3+ Kh8 27. Rd3 Qe7 28. Bxe5+ dxe5 29. Red1 Rg8 30. Qh2 Rg5 31. Rd7 Qc5+ 32. Kh1 Rbg8 33. Rd8 f6 34. Qh3 Qf2 35. R8d2 Qf4 36. Re2 h4 37. Rf1 Qg4 38. Qxg4 Rxg4 39. Rd1 Rg3 40. Rd6 h3 41. gxh3 Rg1+ 42. Kh2 Rb1 43. Rxf6 Rgg1 44. Re6 Rh1+ 45. Kg3 Rhg1+ 46. Rg2 Rxg2+ 47. Kxg2 Rxb2+ 48. Kg3 Rxb3 49. Kg4 Rxc3 50. Kg5 Kg7 51. Re7+ Kf8 52. Rxb7 Rxh3 53. Kf6 Rh6+ 54. Kxe5 c5 55. f6 Rh4 56. Kf5 c4 57. e5 c3 58. e6 Rh5+ 59. Kg4 Rb5 60. Rc7 Rb4+ 61. Kg5 Rb5+ 62. Kh6 Rb8 63. Rxc3 Re8 64. Rc6 a5 65. Kxh7 a4 66. Kg6 a3 67. Kf5 Ra8 68. Rc1 a2 69. Rh1 Ra5+ 70. Kg6 Kg8 71. f7+ Kf8 72. Rh8+ Ke7 73. f8=Q+ Kxe6 74. Qf6+ 1-0


[Site "https://www.chess.com"]

[Event "Titled Tuesday Blitz February 14 Early 2023"]
[White "Sychev, Klementy"]
[Black "Morefield, Jason"]
[WhiteFideId "4114060"]
[BlackFideId "30920825"]
[WhiteElo "2547"]
[BlackElo "2167"]
[Result "1-0"]
[Round "07"]
[TimeControl "180+2"]
[Date "2023.02.15"]
[WhiteClock "0:01:32"]
[BlackClock "0:00:18"]

1. e4 c5 2. Nf3 d6 3. d4 cxd4 4. Nxd4 Nf6 5. Nc3 Nc6 6. Bg5 e6 7. Bb5 Bd7 8. Qd3 Be7 9. O-O-O Rc8 10. Bxc6 bxc6 11. f4 h6 12. Bh4 g5 13. fxg5 Ng4 14. Nf3 hxg5 15. h3 gxh4 16. hxg4 d5 17. Kb1 Bf6 18. Rhe1 O-O 19. Rh1 Rb8 20. e5 Bg7 21. Rxh4 Re8 22. Rdh1 f5 23. gxf5 exf5 24. g4 Qb6 25. b3 Rf8 26. Ng5 Rbe8 27. Qh3 Bxe5 28. Rh8+ Bxh8 29. Qh7# 1-0


[Site "https://www.chess.com"]

[Event "Titled Tuesday Blitz February 14 Early 2023"]
[White "Molina, Roberto Junio Brito"]
[Black "Weetik, Vjacheslav"]
[WhiteFideId "2109450"]
[BlackFideId "4153472"]
[WhiteElo "2403"]
[BlackElo "2423"]
[Result "0-1"]
[Round "07"]
[TimeControl "180+2"]
[Date "2023.02.15"]
[WhiteClock "0:01:40"]
[BlackClock "0:00:23"]

1. d4 d5 2. c4 e6 3. Nc3 Nf6 4. cxd5 exd5 5. Bg5 c6 6. e3 Be7 7. Bd3 Nbd7 8. Qc2 Nh5 9. Bxe7 Qxe7 10. Nge2 g6 11. O-O-O Nb6 12. Kb1 Ng7 13. Nc1 Bf5 14. Bxf5 Nxf5 15. Nd3 Nc4 16. Ka1 O-O 17. g3 a5 18. h4 h5 19. Nf4 Qf6 20. e4 Nxd4 21. Qd3 Nb5 22. exd5 Nxc3 23. Qxc3 Qxc3 24. bxc3 Rfe8 25. dxc6 bxc6 26. Rd4 Na3 27. Kb2 Nb5 28. Rd2 Rab8 29. Rc1 Nd6+ 30. Ka1 Nc4 31. Rd4 Na3 32. Ra4 Re1 0-1


[Site "https://www.chess.com"]